 Dungeon Crawl Stone Soup version 0.31-a0-835-g2a3a5bc (webtiles) character file.

Game seed: 11254766256283933075

2074 BarneyGumball the Geomancer (level 9, -3/51 HPs)
             Began as an Octopode Earth Elementalist on Sept 25, 2023.
             Slain by a gnoll sergeant
             ... wielding a +0 trident
              (18 damage)
             ... on level 6 of the Dungeon.
             The game lasted 00:20:20 (6432 turns).

BarneyGumball the Geomancer (OpEE)                  Turns: 6432, Time: 00:20:20

Health: -3/51      AC:  1    Str:  8    XL:     9   Next: 26%
Magic:  2/12       EV: 13    Int: 21    God:
Gold:   149        SH:  0    Dex: 12    Spells: 6/12 levels left

rFire   + . .        x - +7 dagger "Hityetev" {flame, rC+}
rCold   + . .        (no shield)
rNeg    . . .        (helmet restricted)
rPois   .            (no amulet)
rElec   .            o - ring of protection from fire
rCorr   .            (no ring)
SInv    .            (no ring)
Will    .....        (no ring)
Stlth   +++          (no ring)
HPRegen 0.28/turn    (no ring)
MPRegen 0.13/turn    (no ring)
                     (no ring)

%: no passive effects
@: no status effects
A: almost no armour, amphibious, 8 rings, camouflage 1, gelatinous body 1,
(nimble swimmer 1), tentacles
a: no special abilities


You were on level 6 of the Dungeon.
You visited 2 branches of the dungeon, and saw 7 of its levels.
You also visited: Ossuary.

You collected 339 gold pieces.
You spent 190 gold pieces at shops.

Inventory:

Hand Weapons
 x - the +7 dagger "Hityetev" (weapon) {flame, rC+}
   (You found it on level 4 of the Dungeon)

   rC+:       It protects you from cold.
Armour
 k - a +0 buckler
Magical Staves
 B - a staff of cold
Jewellery
 o - a ring of protection from fire (left tentacle)
Talismans
 y - a beast talisman
Wands
 u - a wand of roots (6)
 A - a wand of acid (6)
 D - a wand of digging (7)
 E - a wand of mindburst (9)
Scrolls
 c - 2 scrolls of summoning
 d - a scroll of vulnerability {unknown}
 e - 2 scrolls of enchant armour {unknown}
 f - a scroll of noise
 g - a scroll of immolation {unknown}
 h - a scroll of fog {unknown}
 j - 2 scrolls of poison {unknown}
 n - 6 scrolls of identify {unknown}
 p - a scroll of blinking {unknown}
Potions
 a - a potion of magic
 b - a potion of brilliance {unknown}
 i - 4 potions of resistance {unknown}
 l - 7 potions of curing
 m - a potion of ambrosia {unknown}
 q - 2 potions of degeneration {unknown}
 r - 4 potions of heal wounds {unknown}
 s - 2 potions of might {unknown}
 t - a potion of mutation {unknown}
 v - a potion of attraction {unknown}
 w - 4 potions of invisibility
 z - 3 potions of cancellation {unknown}
 C - a potion of enlightenment {unknown}


   Skills:
 - Level 2.0 Dodging
 - Level 2.6 Stealth
 - Level 2.0 Spellcasting
 + Level 8.3 Conjurations
 - Level 1.0 Transmutations
 + Level 9.0 Earth Magic


You had 6 spell levels left.
You knew the following spells:

 Your Spells              Type           Power      Damage    Failure   Level
a - Sandblast             Erth           80%        2d17      1%          1
b - Passwall              Tmut/Erth      19%        N/A       2%          2
c - Stone Arrow           Conj/Erth      76%        3d11      1%          3

Your spell library contained the following spells:

 Spells                   Type           Power      Damage    Failure   Level
 Brom's Barrelling Bould  Conj/Erth      38%        2d6       4%          4
 Summon Small Mammal      Summ           8%         N/A       14%         1
 Petrify                  Tmut/Erth      23%        N/A       19%         4
 Cigotuvi's Dreadful Rot  Necr/Pois/Air  4%         N/A       22%         2
 Summon Forest            Summ/Tloc      1%         N/A       99%         5


Dungeon Overview and Level Annotations

Branches:
Dungeon (6/15)             Temple (1/1) D:4         Ossuary (visited)

Altars:
Elyvilon
Hepliaklqana
Kikubaaqudgha
Makhleb
Okawaru
Trog
Uskayaw
Yredelemnul
Zin
The Shining One

Shops:
D:4 *([*!

Annotations:
D:3 exclusion: centaur, Ijyb
D:5 1 runed translucent door, exclusion: door, PiratePeteNZ's ghost, amateur DrVM


Innate Abilities, Weirdness & Mutations

You cannot wear most types of armour.
You are amphibious.
You can wear up to eight rings at the same time.
Your skin changes colour to match your surroundings (Stealth+).
Your rubbery body absorbs attacks. (AC +1, EV +1)
((You are camouflaged when in or above water. (Stealth+)))
You have tentacles for arms and can constrict up to eight enemies at once.


Message History

Casting: Sandblast (safe; 1% risk of failure)
Confirm with . or Enter, or press ? or * to list all spells.
Aiming: Sandblast (safe; 1% risk of failure)
Press: ? - help, Shift-Dir - straight line, f - gnoll sergeant
Aim: a gnoll sergeant, wielding a +0 trident, wearing a +0 scale mail and wearing a +0 kite shield (91% to hit)
The gnoll sergeant blocks the blast of sand.
The gnoll sergeant hits you from afar with a +0 trident!
Casting: Sandblast (safe; 1% risk of failure)
Confirm with . or Enter, or press ? or * to list all spells.
Aiming: Stone Arrow (safe; 1% risk of failure)
Press: ? - help, Shift-Dir - straight line, f/p - gnoll sergeant
Aim: a gnoll sergeant, wielding a +0 trident, wearing a +0 scale mail and wearing a +0 kite shield (84% to hit)
The gnoll sergeant blocks the stone arrow.
The gnoll sergeant hits you from afar with a +0 trident!
Casting: Stone Arrow (safe; 1% risk of failure)
Confirm with . or Enter, or press ? or * to list all spells.
Aiming: Stone Arrow (safe; 1% risk of failure)
Press: ? - help, Shift-Dir - straight line, f/p - gnoll sergeant
Aim: a gnoll sergeant, wielding a +0 trident, wearing a +0 scale mail and wearing a +0 kite shield (84% to hit)
The gnoll sergeant blocks the stone arrow.
The gnoll sergeant hits you from afar with a +0 trident.
Casting: Stone Arrow (safe; 1% risk of failure)
Confirm with . or Enter, or press ? or * to list all spells.
Aiming: Stone Arrow (safe; 1% risk of failure)
Press: ? - help, Shift-Dir - straight line, f/p - gnoll sergeant
Aim: a gnoll sergeant, wielding a +0 trident, wearing a +0 scale mail and wearing a +0 kite shield (84% to hit)
The stone arrow hits the gnoll sergeant!
The gnoll sergeant is moderately wounded.
You hear a shout!
The gnoll sergeant hits you from afar with a +0 trident!
* * * LOW HITPOINT WARNING * * *
A gnoll comes into view. It is wielding a +0 club.
You hear a shout!
As you read the scroll of summoning, it crumbles to dust.
Wisps of shadow whirl around you...
The gnoll sergeant completely misses you.
You swap places.
The gnoll sergeant attacks as it pursues you!
The gnoll sergeant hits you from afar with a +0 trident!!
You die...

).).......###.........#
......................#
#######.........>.....#
#...............# ##
#..........###### .##
#..........# .8#
#..........# .##
#..........# ####
#........o@# ...#
#.........5# ...#
##########g# ...##+ .h#
...... g### ...... #)
...... # ...... ...#..


You could see a gnoll sergeant (ally target), a friendly hound (summoned), a
friendly shadow imp (summoned) and a friendly orc (summoned).

Vanquished Creatures
  2 wraiths (Ossuary)
  A steam dragon (D:6)
  Edmund (D:4)
  A water moccasin (D:6)
  An ice beast (D:5)
  2 ogres
  A bullfrog (D:6)
  Blork the orc (D:4)
  A scorpion (D:5)
  3 wights (Ossuary)
  6 hounds
  A gnoll bouda (D:5)
  4 orc priests
  A sleepcap (D:6)
  7 iguanas
  4 orc wizards
  6 gnolls
  3 adders (D:3)
  4 worms
  3 dart slugs
  11 orcs
  5 ball pythons
  4 endoplasms
  7 giant cockroaches
  6 goblins
  7 hobgoblins
  2 jackals (D:3)
  4 quokkas
  A ball python skeleton (Ossuary)
  6 bats
  5 frilled lizards
  3 hobgoblin skeletons (Ossuary)
  A hobgoblin zombie (Ossuary)
  8 kobolds
  3 kobold zombies (Ossuary)
  An orc zombie (Ossuary)
  8 rats
135 creatures vanquished.

Vanquished Creatures (collateral kills)
  A giant cockroach (D:4)
1 creature vanquished.

Grand Total: 136 creatures vanquished

Notes
Turn   | Place    | Note
-------+----------+-------------------------------------------
     0 | D:1      | BarneyGumball the Octopode Earth Elementalist began the
                  | quest for the Orb.
     0 | D:1      | Reached XP level 1. HP: 11/11 MP: 3/3
   161 | D:1      | Reached skill level 1 in Conjurations
   161 | D:1      | Reached XP level 2. HP: 14/17 MP: 0/5
   595 | D:1      | Reached XP level 3. HP: 21/21 MP: 3/6
  1081 | D:2      | Found a faded altar of an unknown god.
  1234 | D:2      | Learned a level 3 spell: Stone Arrow
  1626 | D:2      | Reached XP level 4. HP: 27/27 MP: 5/7
  1746 | D:3      | Reached skill level 4 in Earth Magic
  1951 | D:3      | Noticed a centaur
  2444 | D:3      | Noticed Ijyb
  2948 | D:4      | Noticed Edmund
  2954 | D:4      | Noticed Blork the orc
  2962 | D:4      | Killed Blork the orc
  2963 | D:4      | Reached XP level 5. HP: 16/31 MP: 3/8
  2964 | D:4      | Found Epeoches's Weapon Shoppe.
  2968 | D:4      | Found Wefy's Assorted Antiques.
  3160 | D:4      | Noticed an ogre
  3182 | D:4      | Reached skill level 5 in Earth Magic
  3182 | D:4      | Reached XP level 6. HP: 36/36 MP: 6/9
  3209 | D:4      | Learned a level 2 spell: Passwall
  3238 | D:4      | Got a dog-eared book
  3368 | D:4      | Killed Edmund
  3465 | D:4      | Reached XP level 7. HP: 41/41 MP: 3/10
  3667 | D:4      | Reached skill level 5 in Conjurations
  3667 | D:4      | Reached skill level 6 in Earth Magic
  3839 | D:4      | Found Sunaf's Assorted Antiques.
  3877 | D:4      | Found Vasitt's Distillery.
  3885 | D:4      | Bought 2 potions of invisibility for 160 gold pieces
  3885 | D:4      | Bought a potion of curing for 30 gold pieces
  3915 | D:4      | Identified the +7 dagger "Hityetev" {flame, rC+}
  3941 | D:4      | Found a staircase to the Ecumenical Temple.
  3953 | Temple   | Entered the Ecumenical Temple
  3987 | D:4      | Found Leteskuo's Armour Boutique.
  4233 | D:5      | Entered Level 5 of the Dungeon
  4334 | D:5      | Found a runed translucent door.
  4335 | D:5      | Noticed PiratePeteNZ's ghost (amateur DrVM)
  4489 | D:5      | Found a hazy altar of Hepliaklqana.
  4745 | D:5      | Reached XP level 8. HP: 46/46 MP: 7/11
  4947 | D:5      | Reached skill level 7 in Earth Magic
  5360 | D:5      | Found a basalt altar of Yredelemnul.
  5797 | D:6      | Reached skill level 8 in Earth Magic
  5826 | D:6      | Found a sand-covered staircase.
  5833 | Ossuary  | Entered an ossuary
  6010 | Ossuary  | Noticed a flying skull
  6010 | Ossuary  | Noticed a wraith
  6021 | Ossuary  | Noticed a wraith
  6024 | Ossuary  | Killed a wraith
  6025 | Ossuary  | Reached XP level 9. HP: 46/51 MP: 5/12
  6330 | D:6      | Reached skill level 9 in Earth Magic
  6432 | D:6      | Slain by a gnoll sergeant

Illustrated notes

Levels and vault maps discovered:
D:1:      dpeg_arrival_central, layout_rooms
D:2:      layout_loops_cross, ebering_ecumenical_altar_hall
D:3:      layout_loops_corners, uniq_ijyb
D:4:      layout_basic, minmay_temple_entry_gardened_gates, serial_shops, shop,
          nicolae_shop_advertising_works [nicolae_subvault_shop_adworks],
          nicolae_shop_getting_attention, nicolae_shop_peninsula, shop,
          uniq_blork_the_orc, uniq_edmund
D:5:      layout_loops_ring, lemuel_tele_altar, nzn_hepliaklqana_mist_gate,
          gammafunk_ghost_grave
D:6:      layout_basic, chequers_ossuary_entry_cave
Temple:   hellmonk_temple_of_storms

Skill      XL: |  1  2  3  4  5  6  7  8  9 |
---------------+----------------------------+-----
Conjurations   | 1 2 3 4 6 7 8 |  8.3
Earth Magic    | 4 5 6 8 9 |  9.0
Dodging        | |  2.0
Stealth        | |  2.6
Spellcasting   | |  2.0
Transmutations | |  1.0

Action                     |  1- 3 |  4- 6 |  7- 9 || total
---------------------------+-------+-------+-------++-------
  Melee: Unarmed           |     2 |       |       ||     2
         Dagger            |     7 |     5 |    20 ||    32
         Constrict         |     1 |     2 |     6 ||     9
         Tentacles         |     1 |     1 |     3 ||     5
   Cast: Sandblast         |    64 |    37 |    37 ||   138
         Stone Arrow       |       |    11 |    49 ||    60
  Evoke: Wand              |       |       |     1 ||     1
    Use: Scroll            |       |     4 |     1 ||     5
   Stab: Sleeping          |       |       |     2 ||     2
         Distracted        |       |       |     1 ||     1
 Armour: Skin              |     5 |     6 |    19 ||    30
  Dodge: Dodged            |    13 |     6 |    16 ||    35

Table legend: (Time is in decaauts)
 A = Elapsed time spent in this place.
 B = Non-inter-level travel time spent in this place.
 C = Inter-level travel time spent in this place.
 D = Time resting spent in this place.
 E = Time spent auto-exploring this place.
 F = Levels seen in this place.
 G = Mean time per level.
                   A        B        C        D        E       F      G
               +--------+--------+--------+--------+--------+-----+--------+
         Total |   6498 |   6331 |    167 |   1232 |   3813 |   8 |  812.2 |
       Dungeon |   6042 |   5875 |    167 |   1003 |   3813 |   6 | 1007.0 |
        Temple |      1 |      1 |      0 |      0 |      0 |   1 |    1.0 |
       Ossuary |    454 |    454 |      0 |    229 |      0 |   1 |  454.0 |
               +--------+--------+--------+--------+--------+-----+--------+

Top non-repeatable levels by time:
     D:4: 1417 daAuts
     D:3: 1158 daAuts
     D:5: 1157 daAuts
     D:1: 923 daAuts
     D:2: 852 daAuts
     D:6: 533 daAuts
 Ossuary: 454 daAuts
  Temple: 1 daAuts
